Flames vs Sharks
Created - November 20, 2018 at 22:34
Goals
|
| Flames |
2 |
0 |
1 |
0 |
1 |
4 |
| Sharks |
1 |
2 |
0 |
0 |
0 |
3 |
|
Shots
|
| Flames |
11 |
14 |
16 |
0 |
3 |
41 |
| Sharks |
13 |
7 |
9 |
4 |
3 |
33 |
|
1st period
1. Flames , Brendan Mikkelson 1 (Patrik Berglund 8) at 4:03
2. Sharks , Milan Michalek 4 (Frans Nielsen 14, Kevin Shattenkirk 17) at 15:13 (PP)
3. Flames , Eric Staal 9 (David Backes 15) at 16:43
Penalties :
Erik Johnson (Cal) for Tripping (Minor) at 13:34, David Backes (Cal) for Roughing (Minor) at 16:57
2nd period
4. Sharks , Nick Palmieri 5 (T.J. Hensick 6, Oskar Osala 11) at 4:27
5. Sharks , Oskar Osala 2 (Maxim Afinogenov 4, Nick Palmieri 4) at 14:55
Penalties :
Milan Michalek (SJS) for Hooking (Minor) at 6:55, Oskar Osala (SJS) for Roughing (Minor) at 11:52
3rd period
6. Flames , Eric Staal 10 (Sami Vatanen 7, David Backes 16) at 19:16
Penalties :
Alexander Semin (Cal) for Hooking (Minor) at 0:15, David Backes (Cal) for Interference (Minor) at 9:55
Overtime #1
No Goal
Penalties :
Maxim Kondratiev (SJS) for Hooking (Minor) at 1:05
Shootout
Penalty Shot by Eric Staal for Flames - Stopped by Brent Krahn
Penalty Shot by Damien Brunner for Sharks - Stopped by Pekka Rinne
Penalty Shot by Alexander Semin for Flames - Goal!
Penalty Shot by Frans Nielsen for Sharks - Shot Misses the Net
Penalty Shot by David Backes for Flames - Stopped by Brent Krahn
Penalty Shot by Maxim Afinogenov for Sharks - Stopped by Pekka Rinne
Penalties :
No Penalty
Goalie Stats
Pekka Rinne (Cal), 30 saves from 33 shots - (0.909), W, 4-7-0, 64:40 minutes
Brent Krahn (SJS), 38 saves from 41 shots - (0.927), OTL, 2-2-1, 65:00 minutes
Players Stats for Flames
Player Name G A P +/- PIM S H SB GA TA FO MP PP MP PK MP
------------------------------------------------------------------------------------
Alexander Semin 0 0 0 0 2 6 1 0 0 1 1/2 19:02 2:09 0:00
Brad Marchand 0 0 0 1 0 2 0 0 0 1 1/1 12:34 0:00 3:52
Brendan Mikkelson 1 0 1 1 0 2 0 0 0 0 0/0 14:14 0:00 2:54
Colin Wilson 0 0 0 -1 0 1 1 1 0 0 2/5 12:15 0:00 0:00
David Backes 0 2 2 1 4 8 2 1 0 1 1/4 21:30 2:09 0:00
David Ullstrom 0 0 0 1 0 1 2 0 0 0 1/1 12:09 0:00 0:00
Derek Meech 0 0 0 -1 0 1 0 2 0 0 0/0 26:09 1:41 4:42
Eric Staal 2 0 2 1 0 7 3 0 0 1 14/30 24:07 1:49 3:11
Erik Johnson 0 0 0 1 2 0 2 1 0 0 0/0 24:36 2:17 0:00
Jonathan Ferland 0 0 0 0 0 0 0 0 0 0 0/0 8:08 0:00 0:34
Jordin Tootoo 0 0 0 1 0 2 2 0 2 0 0/0 19:14 1:49 3:40
Mikhail Grabovski 0 0 0 0 0 0 1 1 0 0 4/9 10:57 0:00 3:52
Patrik Berglund 0 1 1 1 0 1 3 0 1 0 5/9 15:53 2:09 0:00
Peter Prucha 0 0 0 -1 0 1 1 0 0 0 0/1 12:15 0:00 0:00
Sami Vatanen 0 1 1 1 0 1 2 1 0 1 0/0 24:29 1:41 0:00
Steve Eminger 0 0 0 -1 0 5 1 1 1 1 0/0 24:00 0:00 4:42
Steve Regier 0 0 0 -1 0 2 0 0 0 1 0/0 14:17 1:49 0:03
Tom Poti 0 0 0 1 0 1 2 1 1 0 0/0 16:31 2:17 2:54
Players Stats for Sharks
Player Name G A P +/- PIM S H SB GA TA FO MP PP MP PK MP
------------------------------------------------------------------------------------
Adam Larsson 0 0 0 2 0 0 1 1 0 0 0/0 12:04 0:00 0:51
Andrej Sekera 0 0 0 -1 0 1 1 2 0 1 0/0 23:18 2:45 2:25
Bobby Butler 0 0 0 -1 0 1 1 0 0 0 1/1 16:06 0:30 0:46
Brendon Nash 0 0 0 1 0 0 1 0 0 0 0/0 4:18 0:00 0:00
Damien Brunner 0 0 0 -1 0 1 3 0 0 0 0/1 15:05 0:30 0:00
Frans Nielsen 0 1 1 -1 0 4 2 1 0 0 12/24 26:33 3:29 2:30
Kevin Shattenkirk 0 1 1 -2 0 5 1 4 2 2 0/0 30:29 4:51 3:32
Luke Adam 0 0 0 0 0 0 0 1 0 0 3/4 4:36 0:00 0:06
Mark Giordano 0 0 0 1 0 0 2 1 1 0 0/0 11:18 0:14 0:00
Mark Stuart 0 0 0 -2 0 3 0 3 0 2 0/0 26:20 4:51 3:32
Maxim Afinogenov 0 1 1 0 0 2 1 0 0 0 2/5 22:13 3:28 1:42
Maxim Kondratiev 0 0 0 -1 2 0 2 0 1 0 0/0 22:27 2:45 1:34
Milan Michalek 1 0 1 -1 2 2 1 1 1 0 1/1 23:22 3:29 0:50
Nate Prosser 0 0 0 0 0 0 0 0 0 0 0/0 0:00 0:00 0:00
Nick Palmieri 1 1 2 1 0 6 2 1 0 0 1/1 19:49 3:41 0:39
Oskar Osala 1 1 2 1 2 5 2 0 1 0 0/0 18:38 3:41 0:10
Rob Schremp 0 0 0 -1 0 1 4 0 1 0 2/8 17:11 0:05 2:23
T.J. Hensick 0 1 1 0 0 2 1 0 0 0 11/17 20:13 3:41 0:49
3 Stars
1 - Eric Staal (Cal)
2 - Nick Palmieri (SJS)
3 - Oskar Osala (SJS)
Power Play
Flames - 0 on 3 Attempt(s) - 0.00%
Sharks - 1 on 4 Attempt(s) - 25.00%
Penalty Kill
Flames - 3 on 4 Attempt(s) - 75.00%
- Score 0 goal in Penalty Kill
Sharks - 3 on 3 Attempt(s) - 100.00%
- Score 0 goal in Penalty Kill
Team Stat
Flames - Hits : 23 - Faceoff Wins : 29 - Blocked Shots : 9 - Penalty Minutes : 8
Sharks - Hits : 25 - Faceoff Wins : 33 - Blocked Shots : 15 - Penalty Minutes : 6
Official
Referees : Unknown
Linesman : Unknown
Game Notes
No Game Note
Finance
Level 1 -- Attendance: 4893 (81.55%) -- Ticket Income $464,835
Level 2 -- Attendance: 3163 (63.26%) -- Ticket Income $205,595
Level 3 -- Attendance: 1243 (62.15%) -- Ticket Income $55,935
Level 4 -- Attendance: 4000 (100.00%) -- Ticket Income $100,000
Luxury Box -- Attendance: 737 (73.70%) -- Ticket Income $136,345
Game was played at the Hockey Place Center.
Total Attendance: 14036 (77.98%)
Total Ticket Income: $962,710
Other Income: $144,406
Total Income: $1,107,116
Flames
5 vs 5 Forward
Center Left Wing Right Wing Time % Phy DF OF
1 Eric Staal Alexander Semin David Backes 40 0 2 3
2 Patrik Berglund David Ullstrom Jordin Tootoo 33 0 2 3
3 Colin Wilson Steve Regier Peter Prucha 19 0 2 3
4 Mikhail Grabovski Brad Marchand Jonathan Ferland 8 0 2 3
5 vs 5 Defense
Defense Defense Time % Phy DF OF
1 Erik Johnson Sami Vatanen 38 1 2 2
2 Derek Meech Steve Eminger 29 1 2 2
3 Brendan Mikkelson Tom Poti 23 1 2 2
4 Derek Meech Steve Eminger 10 1 2 2
PowerPlay Forward
Center Left Wing Right Wing Time % Phy DF OF
1 Patrik Berglund Alexander Semin David Backes 60 1 1 3
2 Eric Staal Steve Regier Jordin Tootoo 40 1 1 3
PowerPlay Defense
Defense Defense Time % Phy DF OF
1 Erik Johnson Tom Poti 60 1 1 3
2 Derek Meech Sami Vatanen 40 1 1 3
Penalty Kill 4 Players Forward
Center Wing Time % Phy DF OF
1 Eric Staal Jordin Tootoo 50 1 3 1
2 Mikhail Grabovski Brad Marchand 50 1 3 1
Penalty Kill 4 Players Defense
Defense Defense Time % Phy DF OF
1 Derek Meech Steve Eminger 58 1 3 1
2 Brendan Mikkelson Tom Poti 42 1 3 1
Penalty Kill - 3 Players Forward
Forward Time % Phy DF OF
1 Eric Staal 50 1 3 1
2 David Backes 50 1 3 1
Penalty Kill - 3 Players Defense
Defense Defense Time % Phy DF OF
1 Derek Meech Steve Eminger 58 1 3 1
2 Brendan Mikkelson Tom Poti 42 1 3 1
4 vs 4 Forward
Center Wing Time % Phy DF OF
1 Eric Staal David Backes 60 1 2 2
2 Patrik Berglund Jordin Tootoo 40 1 2 2
4 vs 4 Defense
Defense Defense Time % Phy DF OF
1 Erik Johnson Sami Vatanen 60 1 2 2
2 Derek Meech Steve Eminger 40 1 2 2
Last Minutes Offensive
Center Left Wing Right Wing Defense Defense
Eric Staal Brad Marchand David Backes Erik Johnson Sami Vatanen
Last Minutes Defensive
Center Left Wing Right Wing Defense Defense
Eric Staal Brad Marchand David Backes Derek Meech Steve Eminger
Goaltenders
Starting : Pekka Rinne
Backup : Jonas Gustavsson
Extra Forwards
Normal : Brad Marchand, Jordin Tootoo, Patrik Berglund - PP : Jordin Tootoo, Brad Marchand - PK : Jonathan Ferland
Extra Defensemen
Normal : Derek Meech, Steve Eminger, Brendan Mikkelson - PP : Derek Meech - PK : Erik Johnson, Brendan Mikkelson
Penalty Shots
Eric Staal, Alexander Semin, David Backes, Steve Regier, Patrik Berglund
Scratches
None
Sharks
5 vs 5 Forward
Center Left Wing Right Wing Time % Phy DF OF
1 Frans Nielsen Milan Michalek Maxim Afinogenov 40 1 1 3
2 T.J. Hensick Oskar Osala Nick Palmieri 30 1 1 3
3 Rob Schremp Bobby Butler Damien Brunner 20 1 2 2
4 Luke Adam Frans Nielsen Milan Michalek 10 1 2 2
5 vs 5 Defense
Defense Defense Time % Phy DF OF
1 Kevin Shattenkirk Mark Stuart 40 1 1 3
2 Andrej Sekera Maxim Kondratiev 30 1 2 2
3 Mark Giordano Adam Larsson 20 1 3 1
4 Brendon Nash Kevin Shattenkirk 10 1 2 2
PowerPlay Forward
Center Left Wing Right Wing Time % Phy DF OF
1 Frans Nielsen Milan Michalek Maxim Afinogenov 60 1 1 3
2 T.J. Hensick Oskar Osala Nick Palmieri 40 1 1 3
PowerPlay Defense
Defense Defense Time % Phy DF OF
1 Kevin Shattenkirk Mark Stuart 60 1 1 3
2 Andrej Sekera Maxim Kondratiev 40 1 1 3
Penalty Kill 4 Players Forward
Center Wing Time % Phy DF OF
1 Milan Michalek Frans Nielsen 60 1 4 0
2 Maxim Afinogenov Nick Palmieri 40 1 4 0
Penalty Kill 4 Players Defense
Defense Defense Time % Phy DF OF
1 Kevin Shattenkirk Mark Stuart 60 1 4 0
2 Andrej Sekera Maxim Kondratiev 40 1 4 0
Penalty Kill - 3 Players Forward
Forward Time % Phy DF OF
1 Maxim Afinogenov 60 1 4 0
2 Frans Nielsen 40 1 4 0
Penalty Kill - 3 Players Defense
Defense Defense Time % Phy DF OF
1 Kevin Shattenkirk Mark Stuart 60 1 4 0
2 Andrej Sekera Maxim Kondratiev 40 1 4 0
4 vs 4 Forward
Center Wing Time % Phy DF OF
1 T.J. Hensick Frans Nielsen 60 1 2 2
2 Maxim Afinogenov Nick Palmieri 40 1 2 2
4 vs 4 Defense
Defense Defense Time % Phy DF OF
1 Kevin Shattenkirk Mark Stuart 60 1 2 2
2 Andrej Sekera Maxim Kondratiev 40 1 2 2
Last Minutes Offensive
Center Left Wing Right Wing Defense Defense
Frans Nielsen Milan Michalek Maxim Afinogenov Kevin Shattenkirk Mark Stuart
Last Minutes Defensive
Center Left Wing Right Wing Defense Defense
Frans Nielsen Milan Michalek Maxim Afinogenov Kevin Shattenkirk Mark Stuart
Goaltenders
Starting : Brent Krahn
Backup : Tyler Weiman
Extra Forwards
Normal : Damien Brunner, Bobby Butler, Rob Schremp - PP : Damien Brunner, Bobby Butler - PK : Rob Schremp
Extra Defensemen
Normal : Mark Giordano, Adam Larsson, Brendon Nash - PP : Mark Giordano - PK : Adam Larsson, Brendon Nash
Penalty Shots
Damien Brunner, Frans Nielsen, Maxim Afinogenov, Nick Palmieri, T.J. Hensick
Scratches
Martin Erat (Healthy)
% Time on Ice - Flames
Lines # - Real PCT - Wanted PCT - Time Play
Normal Forward
1 - 34% - 40% - 16:14
2 - 26% - 33% - 12:24
3 - 26% - 19% - 12:15
4 - 15% - 8% - 7:05
Normal Defense
1 - 41% - 38% - 19:33
2 - 29% - 29% - 14:05
3 - 22% - 23% - 10:38
4 - 8% - 10% - 3:42
PP Forward
1 - 54% - 60% - 2:09
2 - 46% - 40% - 1:49
PP Defense
1 - 58% - 60% - 2:17
2 - 42% - 40% - 1:41
PK Forward
1 - 48% - 50% - 3:41
2 - 52% - 50% - 3:55
PK Defense
1 - 62% - 58% - 4:42
2 - 38% - 42% - 2:54
PK3 Forward
1 - 0% - 50%
2 - 0% - 50%
PK3 Defense
1 - 0% - 58%
2 - 0% - 42%
44 Forward
1 - 69% - 60% - 3:28
2 - 31% - 40% - 1:32
44 Defense
1 - 53% - 60% - 2:38
2 - 47% - 40% - 2:22
Last Minute Offensive - 0:28
Last Minute Defensive - 0:00
Total
Forward - 65:00
Defense - 65:00
|
% Time on Ice - Sharks
Lines # - Real PCT - Wanted PCT - Time Play
Normal Forward
1 - 31% - 40% - 14:42
2 - 32% - 30% - 15:24
3 - 28% - 20% - 13:21
4 - 9% - 10% - 4:30
Normal Defense
1 - 34% - 40% - 16:07
2 - 35% - 30% - 16:51
3 - 22% - 20% - 10:41
4 - 9% - 10% - 4:18
PP Forward
1 - 52% - 60% - 3:55
2 - 48% - 40% - 3:41
PP Defense
1 - 64% - 60% - 4:51
2 - 36% - 40% - 2:45
PK Forward
1 - 84% - 60% - 3:19
2 - 16% - 40% - 0:39
PK Defense
1 - 61% - 60% - 2:24
2 - 39% - 40% - 1:34
PK3 Forward
1 - 87% - 60% - 1:43
2 - 13% - 40% - 0:16
PK3 Defense
1 - 57% - 60% - 1:08
2 - 43% - 40% - 0:51
44 Forward
1 - 80% - 60% - 2:25
2 - 20% - 40% - 0:36
44 Defense
1 - 57% - 60% - 1:44
2 - 43% - 40% - 1:17
Last Minute Offensive - 0:00
Last Minute Defensive - 0:29
Total
Forward - 65:00
Defense - 65:00
|
Play by Play
1st period
0:01 of 1st period - Maxim Afinogenov wins face-off versus Eric Staal in neutral zone.
0:04 of 1st period - Slapshot by Kevin Shattenkirk.
0:04 of 1st period - Shot Misses the Net.
0:06 of 1st period - Slapshot by Milan Michalek.
0:06 of 1st period - Shot Blocked by Sami Vatanen.
0:16 of 1st period - Wrist shot by Maxim Afinogenov.
0:16 of 1st period - Shot Blocked by David Backes.
0:49 of 1st period - Wrist shot by Damien Brunner.
0:49 of 1st period - Shot Misses the Net.
1:05 of 1st period - Sami Vatanen is hit by Adam Larsson and loses puck.
2:37 of 1st period - Steve Eminger is hit by Nick Palmieri.
3:29 of 1st period - Snap shot by David Backes.
3:29 of 1st period - Shot Misses the Net.
3:35 of 1st period - David Backes is hit by Frans Nielsen and loses puck.
3:46 of 1st period - Adam Larsson is hit by Tom Poti and loses puck.
3:59 of 1st period - Snap shot by Patrik Berglund.
3:59 of 1st period - Stopped by Brent Krahn with a rebound.
4:01 of 1st period - Slapshot by Brendan Mikkelson.
4:01 of 1st period - Deflect By Nick Palmieri.
4:01 of 1st period - Stopped by Brent Krahn with a rebound.
4:03 of 1st period - Slapshot by Brendan Mikkelson.
4:03 of 1st period - Goal by Brendan Mikkelson - Flames : 1 - Sharks : 0.
4:04 of 1st period - Alexander Semin wins face-off versus Maxim Afinogenov in neutral zone.
4:29 of 1st period - Erik Johnson is hit by T.J. Hensick and loses puck.
4:56 of 1st period - Sami Vatanen is hit by Rob Schremp and loses puck.
5:29 of 1st period - Snap shot by David Backes.
5:29 of 1st period - Shot Misses the Net.
5:31 of 1st period - Snap shot by David Backes.
5:31 of 1st period - Stopped by Brent Krahn with a rebound.
5:33 of 1st period - Slapshot by Brendan Mikkelson.
5:33 of 1st period - Shot Blocked by Mark Stuart.
6:28 of 1st period - Derek Meech is hit by Damien Brunner and loses puck.
6:53 of 1st period - Off-side.
6:54 of 1st period - Bobby Butler wins face-off versus Eric Staal in neutral zone.
6:57 of 1st period - Snap shot by Rob Schremp.
6:57 of 1st period - Stopped by Pekka Rinne without a rebound.
6:58 of 1st period - Eric Staal wins face-off versus Rob Schremp in Flames zone.
7:09 of 1st period - Slapshot by Rob Schremp.
7:09 of 1st period - Deflect By Damien Brunner.
7:09 of 1st period - Stopped by Pekka Rinne with a rebound.
7:50 of 1st period - Snap shot by Nick Palmieri.
7:50 of 1st period - Stopped by Pekka Rinne without a rebound.
7:51 of 1st period - Eric Staal wins face-off versus T.J. Hensick in Flames zone.
7:56 of 1st period - Snap shot by Eric Staal.
7:56 of 1st period - Shot Misses the Net.
8:16 of 1st period - Kevin Shattenkirk is hit by Patrik Berglund and loses puck.
8:44 of 1st period - Steve Eminger is hit by Mark Giordano.
9:40 of 1st period - David Backes is hit by Rob Schremp and loses puck.
9:53 of 1st period - Wrist shot by Eric Staal.
9:53 of 1st period - Stopped by Brent Krahn with a rebound.
9:55 of 1st period - Snap shot by David Ullstrom.
9:55 of 1st period - Stopped by Brent Krahn with a rebound.
9:57 of 1st period - Snap shot by Patrik Berglund.
9:57 of 1st period - Deflect By Nick Palmieri.
9:57 of 1st period - Shot Misses the Net.
9:57 of 1st period - Puck is out of play.
9:58 of 1st period - Patrik Berglund wins face-off versus Maxim Afinogenov in Sharks zone.
10:11 of 1st period - Snap shot by Frans Nielsen.
10:11 of 1st period - Shot Hit the Post.
10:13 of 1st period - Snap shot by Maxim Afinogenov.
10:13 of 1st period - Stopped by Pekka Rinne without a rebound.
10:14 of 1st period - T.J. Hensick wins face-off versus Alexander Semin in Flames zone.
10:15 of 1st period - Snap shot by Oskar Osala.
10:15 of 1st period - Deflect By Nick Palmieri.
10:15 of 1st period - Stopped by Pekka Rinne without a rebound.
10:16 of 1st period - T.J. Hensick wins face-off versus Eric Staal in Flames zone.
10:31 of 1st period - Snap shot by David Backes.
10:31 of 1st period - Stopped by Brent Krahn with a rebound.
10:33 of 1st period - Wrist shot by Alexander Semin.
10:33 of 1st period - Deflect By Oskar Osala.
10:33 of 1st period - Stopped by Brent Krahn without a rebound.
10:34 of 1st period - Patrik Berglund wins face-off versus Frans Nielsen in Sharks zone.
11:27 of 1st period - Steve Regier is hit by Mark Giordano and loses puck.
11:48 of 1st period - Wrist shot by Jordin Tootoo.
11:48 of 1st period - Stopped by Brent Krahn with a rebound.
12:30 of 1st period - Kevin Shattenkirk is hit by Sami Vatanen and loses puck.
12:33 of 1st period - Wrist shot by Rob Schremp.
12:33 of 1st period - Shot Misses the Net.
12:35 of 1st period - Wrist shot by Rob Schremp.
12:35 of 1st period - Shot Misses the Net.
12:45 of 1st period - Luke Adam is hit by Peter Prucha and loses puck.
13:13 of 1st period - Adam Larsson is hit by David Ullstrom and loses puck.
13:34 of 1st period - Minor Penalty to Erik Johnson for Tripping.
13:35 of 1st period - T.J. Hensick wins face-off versus Eric Staal in Flames zone.
13:42 of 1st period - Icing by Oskar Osala.
13:43 of 1st period - Nick Palmieri wins face-off versus Mikhail Grabovski in Sharks zone.
13:55 of 1st period - Slapshot by Nick Palmieri.
13:55 of 1st period - Stopped by Pekka Rinne with a rebound.
13:57 of 1st period - Snap shot by Oskar Osala.
13:57 of 1st period - Stopped by Pekka Rinne with a rebound.
14:09 of 1st period - Slapshot by Kevin Shattenkirk.
14:09 of 1st period - Stopped by Pekka Rinne with a rebound.
14:11 of 1st period - Wrist shot by Nick Palmieri.
14:11 of 1st period - Shot Misses the Net.
14:17 of 1st period - Snap shot by Nick Palmieri.
14:17 of 1st period - Stopped by Pekka Rinne with a rebound.
14:23 of 1st period - Wrist shot by Oskar Osala.
14:23 of 1st period - Stopped by Pekka Rinne with a rebound.
14:25 of 1st period - Slapshot by Mark Stuart.
14:25 of 1st period - Stopped by Pekka Rinne without a rebound.
14:26 of 1st period - Mikhail Grabovski wins face-off versus Frans Nielsen in Flames zone.
14:37 of 1st period - Tom Poti is hit by Frans Nielsen and loses puck.
14:58 of 1st period - Jordin Tootoo is hit by Kevin Shattenkirk and loses puck.
15:13 of 1st period - Wrist shot by Milan Michalek.
15:13 of 1st period - Goal by Milan Michalek - Flames : 1 - Sharks : 1.
15:14 of 1st period - Eric Staal wins face-off versus T.J. Hensick in neutral zone.
15:17 of 1st period - Kevin Shattenkirk is hit by Eric Staal.
16:01 of 1st period - Icing by Kevin Shattenkirk.
16:02 of 1st period - Patrik Berglund wins face-off versus Frans Nielsen in Sharks zone.
16:27 of 1st period - Snap shot by Eric Staal.
16:27 of 1st period - Deflect By Alexander Semin.
16:27 of 1st period - Stopped by Brent Krahn without a rebound.
16:28 of 1st period - Eric Staal wins face-off versus Rob Schremp in Sharks zone.
16:43 of 1st period - Snap shot by Eric Staal.
16:43 of 1st period - Goal by Eric Staal - Flames : 2 - Sharks : 1.
16:44 of 1st period - Frans Nielsen wins face-off versus Eric Staal in neutral zone.
16:54 of 1st period - Icing by Maxim Afinogenov.
16:55 of 1st period - Eric Staal wins face-off versus Frans Nielsen in Sharks zone.
16:57 of 1st period - Minor Penalty to David Backes for Roughing.
16:58 of 1st period - Frans Nielsen wins face-off versus Mikhail Grabovski in Flames zone.
17:11 of 1st period - Off-side.
17:12 of 1st period - Mikhail Grabovski wins face-off versus Frans Nielsen in neutral zone.
17:27 of 1st period - Snap shot by Brad Marchand.
17:27 of 1st period - Shot Blocked by Kevin Shattenkirk.
18:07 of 1st period - Icing by Maxim Kondratiev.
18:08 of 1st period - Frans Nielsen wins face-off versus Mikhail Grabovski in Sharks zone.
18:40 of 1st period - Derek Meech is hit by Maxim Afinogenov and loses puck.
18:51 of 1st period - Steve Eminger is hit by Oskar Osala and loses puck.
18:57 of 1st period - Penalty to David Backes is over, David Backes is back on ice.
19:09 of 1st period - Icing by Maxim Kondratiev.
19:10 of 1st period - Colin Wilson wins face-off versus Rob Schremp in Sharks zone.
19:36 of 1st period - Slapshot by Rob Schremp.
19:36 of 1st period - Deflect By Sami Vatanen.
19:36 of 1st period - Shot Misses the Net.
19:36 of 1st period - Puck is out of play.
19:37 of 1st period - Frans Nielsen wins face-off versus Eric Staal in Flames zone.
19:40 of 1st period - Slapshot by Kevin Shattenkirk.
19:40 of 1st period - Stopped by Pekka Rinne without a rebound.
19:41 of 1st period - Frans Nielsen wins face-off versus Eric Staal in Flames zone.
19:42 of 1st period - Slapshot by Kevin Shattenkirk.
19:42 of 1st period - Shot Blocked by Tom Poti.
Goals for this period are 2 for Flames vs 1 for Sharks.
Shots for this period are 11 for Flames vs 13 for Sharks.
2nd period
0:01 of 2nd period - David Ullstrom wins face-off versus Frans Nielsen in neutral zone.
0:14 of 2nd period - Wrist shot by Frans Nielsen.
0:14 of 2nd period - Stopped by Pekka Rinne with a rebound.
0:31 of 2nd period - Wrist shot by Nick Palmieri.
0:31 of 2nd period - Shot Blocked by Colin Wilson.
0:33 of 2nd period - Slapshot by Andrej Sekera.
0:33 of 2nd period - Stopped by Pekka Rinne without a rebound.
0:34 of 2nd period - T.J. Hensick wins face-off versus David Backes in Flames zone.
0:59 of 2nd period - Frans Nielsen is hit by Patrik Berglund and loses puck.
1:20 of 2nd period - Slapshot by Tom Poti.
1:20 of 2nd period - Shot Misses the Net.
1:22 of 2nd period - Snap shot by Steve Regier.
1:22 of 2nd period - Shot Misses the Net.
1:24 of 2nd period - Wrist shot by Steve Regier.
1:24 of 2nd period - Shot Blocked by Kevin Shattenkirk.
1:26 of 2nd period - Slapshot by Derek Meech.
1:26 of 2nd period - Stopped by Brent Krahn without a rebound.
1:27 of 2nd period - T.J. Hensick wins face-off versus Peter Prucha in Sharks zone.
2:55 of 2nd period - Andrej Sekera is hit by Erik Johnson and loses puck.
3:16 of 2nd period - Steve Regier is hit by Oskar Osala.
3:20 of 2nd period - Wrist shot by Steve Regier.
3:20 of 2nd period - Stopped by Brent Krahn with a rebound.
3:22 of 2nd period - Backhand shot by Sami Vatanen.
3:22 of 2nd period - Shot Misses the Net.
3:24 of 2nd period - Snap shot by Colin Wilson.
3:24 of 2nd period - Shot Blocked by Andrej Sekera.
3:39 of 2nd period - Damien Brunner is hit by Jordin Tootoo and loses puck.
4:13 of 2nd period - Slapshot by Alexander Semin.
4:13 of 2nd period - Shot Misses the Net.
4:15 of 2nd period - Slapshot by Sami Vatanen.
4:15 of 2nd period - Shot Misses the Net.
4:17 of 2nd period - Slapshot by Sami Vatanen.
4:17 of 2nd period - Stopped by Brent Krahn with a rebound.
4:19 of 2nd period - Wrist shot by Alexander Semin.
4:19 of 2nd period - Deflect By T.J. Hensick.
4:19 of 2nd period - Shot Misses the Net.
4:19 of 2nd period - Puck is out of play.
4:20 of 2nd period - T.J. Hensick wins face-off versus Eric Staal in Sharks zone.
4:27 of 2nd period - Snap shot by Nick Palmieri.
4:27 of 2nd period - Goal by Nick Palmieri - Flames : 2 - Sharks : 2.
4:28 of 2nd period - Eric Staal wins face-off versus Frans Nielsen in neutral zone.
4:33 of 2nd period - Wrist shot by Eric Staal.
4:33 of 2nd period - Stopped by Brent Krahn without a rebound.
4:34 of 2nd period - Frans Nielsen wins face-off versus Eric Staal in Sharks zone.
4:39 of 2nd period - Slapshot by Eric Staal.
4:39 of 2nd period - Stopped by Brent Krahn with a rebound.
4:47 of 2nd period - Snap shot by David Backes.
4:47 of 2nd period - Stopped by Brent Krahn with a rebound.
5:03 of 2nd period - Wrist shot by T.J. Hensick.
5:03 of 2nd period - Shot Misses the Net.
5:05 of 2nd period - Slapshot by Nick Palmieri.
5:05 of 2nd period - Shot Misses the Net.
5:07 of 2nd period - Snap shot by Oskar Osala.
5:07 of 2nd period - Shot Misses the Net.
5:09 of 2nd period - Wrist shot by Oskar Osala.
5:09 of 2nd period - Stopped by Pekka Rinne with a rebound.
5:11 of 2nd period - Slapshot by Oskar Osala.
5:11 of 2nd period - Deflect By Patrik Berglund.
5:11 of 2nd period - Shot Misses the Net.
5:11 of 2nd period - Puck is out of play.
5:12 of 2nd period - Eric Staal wins face-off versus T.J. Hensick in Flames zone.
5:23 of 2nd period - Snap shot by Nick Palmieri.
5:23 of 2nd period - Stopped by Pekka Rinne with a rebound.
5:56 of 2nd period - Slapshot by Steve Eminger.
5:56 of 2nd period - Stopped by Brent Krahn with a rebound.
6:12 of 2nd period - Icing by Colin Wilson.
6:13 of 2nd period - T.J. Hensick wins face-off versus Colin Wilson in Flames zone.
6:34 of 2nd period - Snap shot by Peter Prucha.
6:34 of 2nd period - Deflect By Steve Regier.
6:34 of 2nd period - Shot Misses the Net.
6:34 of 2nd period - Puck is out of play.
6:35 of 2nd period - T.J. Hensick wins face-off versus Eric Staal in Sharks zone.
6:46 of 2nd period - Slapshot by Alexander Semin.
6:46 of 2nd period - Stopped by Brent Krahn with a rebound.
6:48 of 2nd period - Slapshot by David Backes.
6:48 of 2nd period - Shot Blocked by Andrej Sekera.
6:52 of 2nd period - Slapshot by Alexander Semin.
6:52 of 2nd period - Stopped by Brent Krahn without a rebound.
6:53 of 2nd period - Frans Nielsen wins face-off versus Patrik Berglund in Sharks zone.
6:55 of 2nd period - Minor Penalty to Milan Michalek for Hooking.
6:56 of 2nd period - Patrik Berglund wins face-off versus Frans Nielsen in Sharks zone.
7:22 of 2nd period - Rob Schremp is hit by Erik Johnson and loses puck.
8:48 of 2nd period - Icing by Derek Meech.
8:49 of 2nd period - Rob Schremp wins face-off versus Eric Staal in Flames zone.
8:55 of 2nd period - Penalty to Milan Michalek is over, Milan Michalek is back on ice.
9:51 of 2nd period - Damien Brunner is hit by Alexander Semin and loses puck.
10:52 of 2nd period - Backhand shot by Steve Eminger.
10:52 of 2nd period - Stopped by Brent Krahn with a rebound.
11:26 of 2nd period - Maxim Kondratiev is hit by Eric Staal and loses puck.
11:52 of 2nd period - Minor Penalty to Oskar Osala for Roughing.
11:53 of 2nd period - Milan Michalek wins face-off versus Patrik Berglund in Sharks zone.
12:01 of 2nd period - Slapshot by Erik Johnson.
12:01 of 2nd period - Shot Blocked by Mark Stuart.
12:19 of 2nd period - Eric Staal is hit by Milan Michalek and loses puck.
13:09 of 2nd period - Maxim Kondratiev is hit by Sami Vatanen and loses puck.
13:42 of 2nd period - Kevin Shattenkirk is hit by David Backes and loses puck.
13:52 of 2nd period - Penalty to Oskar Osala is over, Oskar Osala is back on ice.
14:00 of 2nd period - Snap shot by Oskar Osala.
14:00 of 2nd period - Shot Misses the Net.
14:15 of 2nd period - Snap shot by Maxim Afinogenov.
14:15 of 2nd period - Shot Misses the Net.
14:49 of 2nd period - Wrist shot by Nick Palmieri.
14:49 of 2nd period - Deflect By Maxim Afinogenov.
14:49 of 2nd period - Stopped by Pekka Rinne with a rebound.
14:51 of 2nd period - Snap shot by Maxim Afinogenov.
14:51 of 2nd period - Shot Misses the Net.
14:53 of 2nd period - Wrist shot by Maxim Afinogenov.
14:53 of 2nd period - Shot Blocked by Derek Meech.
14:55 of 2nd period - Slapshot by Oskar Osala.
14:55 of 2nd period - Goal by Oskar Osala - Flames : 2 - Sharks : 3.
14:56 of 2nd period - Eric Staal wins face-off versus Luke Adam in neutral zone.
15:38 of 2nd period - Icing by Patrik Berglund.
15:39 of 2nd period - Luke Adam wins face-off versus Mikhail Grabovski in Flames zone.
16:23 of 2nd period - Wrist shot by Damien Brunner.
16:23 of 2nd period - Deflect By Erik Johnson.
16:23 of 2nd period - Shot Blocked by Mikhail Grabovski.
16:23 of 2nd period - Puck is out of play.
16:24 of 2nd period - Eric Staal wins face-off versus Rob Schremp in Flames zone.
16:24 of 2nd period - Eric Staal is hit by Rob Schremp.
16:57 of 2nd period - Wrist shot by Patrik Berglund.
16:57 of 2nd period - Shot Misses the Net.
16:59 of 2nd period - Snap shot by Tom Poti.
16:59 of 2nd period - Shot Blocked by Mark Stuart.
17:01 of 2nd period - Slapshot by Tom Poti.
17:01 of 2nd period - Shot Misses the Net.
17:13 of 2nd period - Snap shot by Steve Regier.
17:13 of 2nd period - Stopped by Brent Krahn with a rebound.
17:15 of 2nd period - Slapshot by Steve Eminger.
17:15 of 2nd period - Stopped by Brent Krahn with a rebound.
17:17 of 2nd period - Wrist shot by Derek Meech.
17:17 of 2nd period - Shot Misses the Net.
17:19 of 2nd period - Wrist shot by Steve Eminger.
17:19 of 2nd period - Stopped by Brent Krahn with a rebound.
17:21 of 2nd period - Snap shot by Steve Regier.
17:21 of 2nd period - Shot Misses the Net.
18:51 of 2nd period - Alexander Semin is hit by Bobby Butler.
18:57 of 2nd period - Snap shot by Eric Staal.
18:57 of 2nd period - Stopped by Brent Krahn without a rebound.
18:58 of 2nd period - Patrik Berglund wins face-off versus Frans Nielsen in Sharks zone.
Goals for this period are 0 for Flames vs 2 for Sharks.
Shots for this period are 14 for Flames vs 7 for Sharks.
3rd period
0:01 of 3rd period - Frans Nielsen wins face-off versus Eric Staal in neutral zone.
0:06 of 3rd period - Slapshot by Kevin Shattenkirk.
0:06 of 3rd period - Shot Blocked by Erik Johnson.
0:08 of 3rd period - Slapshot by Mark Stuart.
0:08 of 3rd period - Stopped by Pekka Rinne with a rebound.
0:10 of 3rd period - Slapshot by Mark Stuart.
0:10 of 3rd period - Stopped by Pekka Rinne without a rebound.
0:11 of 3rd period - Frans Nielsen wins face-off versus Eric Staal in Flames zone.
0:15 of 3rd period - Minor Penalty to Alexander Semin for Hooking.
0:16 of 3rd period - Frans Nielsen wins face-off versus Mikhail Grabovski in Flames zone.
2:15 of 3rd period - Penalty to Alexander Semin is over, Alexander Semin is back on ice.
2:28 of 3rd period - Snap shot by Steve Regier.
2:28 of 3rd period - Deflect By Colin Wilson.
2:28 of 3rd period - Shot Misses the Net.
2:28 of 3rd period - Puck is out of play.
2:29 of 3rd period - Colin Wilson wins face-off versus Rob Schremp in Sharks zone.
3:00 of 3rd period - Erik Johnson is hit by Rob Schremp and loses puck.
3:19 of 3rd period - Tom Poti is hit by Damien Brunner.
3:45 of 3rd period - Steve Eminger is hit by Maxim Kondratiev and loses puck.
3:52 of 3rd period - Wrist shot by Damien Brunner.
3:52 of 3rd period - Shot Misses the Net.
4:19 of 3rd period - Snap shot by Colin Wilson.
4:19 of 3rd period - Stopped by Brent Krahn without a rebound.
4:20 of 3rd period - Eric Staal wins face-off versus Frans Nielsen in Sharks zone.
4:21 of 3rd period - Backhand shot by David Backes.
4:21 of 3rd period - Stopped by Brent Krahn with a rebound.
4:23 of 3rd period - Wrist shot by David Backes.
4:23 of 3rd period - Stopped by Brent Krahn without a rebound.
4:24 of 3rd period - Eric Staal wins face-off versus Frans Nielsen in Sharks zone.
4:33 of 3rd period - Snap shot by David Backes.
4:33 of 3rd period - Stopped by Brent Krahn with a rebound.
5:09 of 3rd period - Mark Stuart is hit by David Ullstrom.
5:28 of 3rd period - Wrist shot by T.J. Hensick.
5:28 of 3rd period - Shot Misses the Net.
5:47 of 3rd period - Kevin Shattenkirk is hit by David Backes and loses puck.
5:50 of 3rd period - Wrist shot by T.J. Hensick.
5:50 of 3rd period - Stopped by Pekka Rinne with a rebound.
5:52 of 3rd period - Wrist shot by T.J. Hensick.
5:52 of 3rd period - Stopped by Pekka Rinne with a rebound.
5:54 of 3rd period - Wrist shot by Nick Palmieri.
5:54 of 3rd period - Shot Blocked by Steve Eminger.
5:56 of 3rd period - Slapshot by Kevin Shattenkirk.
5:56 of 3rd period - Deflect By Oskar Osala.
5:56 of 3rd period - Stopped by Pekka Rinne without a rebound.
5:57 of 3rd period - Luke Adam wins face-off versus Patrik Berglund in Flames zone.
7:18 of 3rd period - Icing by Steve Regier.
7:19 of 3rd period - Rob Schremp wins face-off versus Colin Wilson in Flames zone.
7:27 of 3rd period - Nick Palmieri is hit by Colin Wilson and loses puck.
7:44 of 3rd period - David Backes is hit by Brendon Nash and loses puck.
8:11 of 3rd period - Slapshot by Jordin Tootoo.
8:11 of 3rd period - Stopped by Brent Krahn without a rebound.
8:12 of 3rd period - Frans Nielsen wins face-off versus Eric Staal in Sharks zone.
8:21 of 3rd period - Backhand shot by Milan Michalek.
8:21 of 3rd period - Stopped by Pekka Rinne without a rebound.
8:22 of 3rd period - Frans Nielsen wins face-off versus David Backes in Flames zone.
8:49 of 3rd period - Snap shot by Frans Nielsen.
8:49 of 3rd period - Deflect By Erik Johnson.
8:49 of 3rd period - Stopped by Pekka Rinne with a rebound.
9:55 of 3rd period - Minor Penalty to David Backes for Interference.
9:56 of 3rd period - Mikhail Grabovski wins face-off versus T.J. Hensick in Flames zone.
10:08 of 3rd period - Wrist shot by Kevin Shattenkirk.
10:08 of 3rd period - Stopped by Pekka Rinne without a rebound.
10:09 of 3rd period - Mikhail Grabovski wins face-off versus T.J. Hensick in Flames zone.
10:22 of 3rd period - Slapshot by Nick Palmieri.
10:22 of 3rd period - Shot Blocked by Derek Meech.
10:42 of 3rd period - Jonathan Ferland is hit by Nick Palmieri.
11:16 of 3rd period - Wrist shot by Kevin Shattenkirk.
11:16 of 3rd period - Stopped by Pekka Rinne with a rebound.
11:55 of 3rd period - Penalty to David Backes is over, David Backes is back on ice.
12:25 of 3rd period - Snap shot by Peter Prucha.
12:25 of 3rd period - Shot Blocked by Luke Adam.
12:27 of 3rd period - Snap shot by Peter Prucha.
12:27 of 3rd period - Shot Blocked by Adam Larsson.
12:29 of 3rd period - Snap shot by Tom Poti.
12:29 of 3rd period - Stopped by Brent Krahn with a rebound.
12:31 of 3rd period - Snap shot by Peter Prucha.
12:31 of 3rd period - Shot Misses the Net.
12:33 of 3rd period - Wrist shot by Steve Regier.
12:33 of 3rd period - Shot Misses the Net.
13:11 of 3rd period - Wrist shot by Alexander Semin.
13:11 of 3rd period - Stopped by Brent Krahn with a rebound.
13:13 of 3rd period - Snap shot by Brad Marchand.
13:13 of 3rd period - Stopped by Brent Krahn with a rebound.
13:15 of 3rd period - Snap shot by Brad Marchand.
13:15 of 3rd period - Shot Blocked by Milan Michalek.
13:19 of 3rd period - Wrist shot by Alexander Semin.
13:19 of 3rd period - Stopped by Brent Krahn without a rebound.
13:20 of 3rd period - T.J. Hensick wins face-off versus Colin Wilson in Sharks zone.
13:36 of 3rd period - Maxim Afinogenov is hit by Steve Eminger and loses puck.
15:30 of 3rd period - T.J. Hensick is hit by Eric Staal and loses puck.
15:43 of 3rd period - Maxim Afinogenov is hit by Mikhail Grabovski and loses puck.
16:08 of 3rd period - Derek Meech is hit by Maxim Kondratiev and loses puck.
16:31 of 3rd period - Slapshot by Steve Regier.
16:31 of 3rd period - Shot Blocked by Nick Palmieri.
16:33 of 3rd period - Wrist shot by Peter Prucha.
16:33 of 3rd period - Shot Blocked by Kevin Shattenkirk.
16:47 of 3rd period - Slapshot by Derek Meech.
16:47 of 3rd period - Deflect By Eric Staal.
16:47 of 3rd period - Stopped by Brent Krahn with a rebound.
16:49 of 3rd period - Slapshot by Steve Eminger.
16:49 of 3rd period - Deflect By Rob Schremp.
16:49 of 3rd period - Stopped by Brent Krahn without a rebound.
16:50 of 3rd period - Eric Staal wins face-off versus Rob Schremp in Sharks zone.
17:17 of 3rd period - Milan Michalek is hit by Tom Poti and loses puck.
17:24 of 3rd period - Wrist shot by Steve Regier.
17:24 of 3rd period - Shot Misses the Net.
17:26 of 3rd period - Wrist shot by Peter Prucha.
17:26 of 3rd period - Stopped by Brent Krahn with a rebound.
17:28 of 3rd period - Slapshot by Erik Johnson.
17:28 of 3rd period - Shot Misses the Net.
18:56 of 3rd period - Flames, Pekka Rinne is pulled from the net.
19:04 of 3rd period - Slapshot by Brad Marchand.
19:04 of 3rd period - Stopped by Brent Krahn with a rebound.
19:06 of 3rd period - Snap shot by Eric Staal.
19:06 of 3rd period - Shot Blocked by Frans Nielsen.
19:08 of 3rd period - Slapshot by Sami Vatanen.
19:08 of 3rd period - Shot Blocked by Mark Giordano.
19:10 of 3rd period - Wrist shot by David Backes.
19:10 of 3rd period - Stopped by Brent Krahn without a rebound.
19:11 of 3rd period - Lindy Ruff call a timeout for Flames.
19:11 of 3rd period - Eric Staal wins face-off versus Frans Nielsen in Sharks zone.
19:14 of 3rd period - Snap shot by David Backes.
19:14 of 3rd period - Stopped by Brent Krahn with a rebound.
19:16 of 3rd period - Snap shot by Sami Vatanen.
19:16 of 3rd period - Deflect By Eric Staal.
19:16 of 3rd period - Goal by Eric Staal - Flames : 3 - Sharks : 3.
19:16 of 3rd period - Pekka Rinne from Flames was sent back in the game.
19:17 of 3rd period - Luke Adam wins face-off versus Patrik Berglund in neutral zone.
19:57 of 3rd period - Icing by Jordin Tootoo.
19:58 of 3rd period - Brad Marchand wins face-off versus Damien Brunner in Flames zone.
Goals for this period are 1 for Flames vs 0 for Sharks.
Shots for this period are 16 for Flames vs 9 for Sharks.
Overtime #1
0:01 of 1st overtime period - T.J. Hensick wins face-off versus Eric Staal in neutral zone.
0:08 of 1st overtime period - Snap shot by Kevin Shattenkirk.
0:08 of 1st overtime period - Deflect By Eric Staal.
0:08 of 1st overtime period - Stopped by Pekka Rinne with a rebound.
0:14 of 1st overtime period - Snap shot by Frans Nielsen.
0:14 of 1st overtime period - Stopped by Pekka Rinne without a rebound.
0:15 of 1st overtime period - Eric Staal wins face-off versus T.J. Hensick in Flames zone.
1:05 of 1st overtime period - Minor Penalty to Maxim Kondratiev for Hooking.
1:06 of 1st overtime period - David Backes wins face-off versus Maxim Afinogenov in Sharks zone.
1:08 of 1st overtime period - Snap shot by David Backes.
1:08 of 1st overtime period - Deflect By Eric Staal.
1:08 of 1st overtime period - Shot Blocked by Kevin Shattenkirk.
1:08 of 1st overtime period - Puck is out of play.
1:09 of 1st overtime period - Maxim Afinogenov wins face-off versus David Backes in Sharks zone.
2:00 of 1st overtime period - Wrist shot by Patrik Berglund.
2:00 of 1st overtime period - Shot Misses the Net.
3:05 of 1st overtime period - Penalty to Maxim Kondratiev is over, Maxim Kondratiev is back on ice.
3:13 of 1st overtime period - Snap shot by Frans Nielsen.
3:13 of 1st overtime period - Stopped by Pekka Rinne with a rebound.
3:22 of 1st overtime period - Icing by Kevin Shattenkirk.
3:23 of 1st overtime period - T.J. Hensick wins face-off versus Eric Staal in Sharks zone.
3:32 of 1st overtime period - Steve Eminger is hit by Andrej Sekera and loses puck.
3:47 of 1st overtime period - Kevin Shattenkirk is hit by Jordin Tootoo.
3:56 of 1st overtime period - Maxim Kondratiev is hit by Patrik Berglund and loses puck.
4:26 of 1st overtime period - Derek Meech is hit by Damien Brunner and loses puck.
4:33 of 1st overtime period - Snap shot by Bobby Butler.
4:33 of 1st overtime period - Stopped by Pekka Rinne with a rebound.
4:37 of 1st overtime period - Wrist shot by Damien Brunner.
4:37 of 1st overtime period - Shot Misses the Net.
Goals for this period are 0 for Flames vs 0 for Sharks.
Shots for this period are 0 for Flames vs 4 for Sharks.
ShootOut
5:00 of 1st overtime period - Penalty Shot by Eric Staal for Flames.
5:00 of 1st overtime period - Wrist shot by Eric Staal.
5:00 of 1st overtime period - Stopped by Brent Krahn.
5:00 of 1st overtime period - Penalty Shot by Damien Brunner for Sharks.
5:00 of 1st overtime period - Wrist shot by Damien Brunner.
5:00 of 1st overtime period - Stopped by Pekka Rinne.
5:00 of 1st overtime period - Penalty Shot by Alexander Semin for Flames.
5:00 of 1st overtime period - Deke by Alexander Semin.
5:00 of 1st overtime period - Goal by Alexander Semin.
5:00 of 1st overtime period - Penalty Shot by Frans Nielsen for Sharks.
5:00 of 1st overtime period - Deke by Frans Nielsen.
5:00 of 1st overtime period - Shot Misses the Net.
5:00 of 1st overtime period - Penalty Shot by David Backes for Flames.
5:00 of 1st overtime period - Deke by David Backes.
5:00 of 1st overtime period - Stopped by Brent Krahn.
5:00 of 1st overtime period - Penalty Shot by Maxim Afinogenov for Sharks.
5:00 of 1st overtime period - Wrist shot by Maxim Afinogenov.
5:00 of 1st overtime period - Stopped by Pekka Rinne.
Back to the Top